 Dungeon Crawl Stone Soup version 0.31-a0-496-g6f97920a28 (webtiles) character file.

Game seed: 14424825933702158066

81 randomguy2701 the Stinger (level 4, 0/27 HPs)
             Began as an Octopode Venom Mage on Aug 8, 2023.
             Slain by an orc wizard
             ... wielding a +0 dagger
              (1 damage)
             ... on level 2 of the Dungeon.
             The game lasted 00:02:19 (2282 turns).

randomguy2701 the Stinger (Octopode Venom Mage)     Turns: 2282, Time: 00:02:20

Health: 0/27       AC:  1    Str:  7    XL:     4   Next: 40%
Magic:  1/8        EV: 13    Int: 19    God:
Gold:   106        SH:  0    Dex: 12    Spells: 7/8 levels left

rFire   . . .        (no weapon)
rCold   . . .        (no shield)
rNeg    . . .        (helmet restricted)
rPois   .            (no amulet)
rElec   .            (no ring)
rCorr   .            (no ring)
SInv    .            (no ring)
Will    .....        (no ring)
Stlth   +++          (no ring)
HPRegen 0.24/turn    (no ring)
MPRegen 0.11/turn    (no ring)
                     (no ring)

%: no passive effects
@: no status effects
A: almost no armour, amphibious, 8 rings, camouflage 1, gelatinous body 1,
(nimble swimmer 1), tentacles
a: no special abilities


You were on level 2 of the Dungeon.
You visited 1 branch of the dungeon, and saw 2 of its levels.

You collected 106 gold pieces.

Inventory:

Jewellery
 c - an amulet of faith
Scrolls
 b - a scroll of amnesia {unknown}
 f - 2 scrolls of identify {unknown}
 j - 2 scrolls of noise {unknown}
Potions
 a - a potion of magic
 d - a potion of might {unknown}
 e - a potion of curing {unknown}
 g - a potion of invisibility {unknown}
 h - a potion of resistance {unknown}
 i - a potion of cancellation {unknown}
 k - a potion of lignification {unknown}


   Skills:
 + Level 2.2 Dodging
 + Level 2.9 Stealth
 + Level 0.1 Unarmed Combat
 + Level 2.7 Spellcasting
 + Level 2.1 Transmutations
 + Level 4.6 Poison Magic


You had 7 spell levels left.
You knew the following spells:

 Your Spells              Type           Power      Damage    Failure   Level
a - Sting                 Tmut/Pois      60%        1d6       4%          1

Your spell library contained the following spells:

 Spells                   Type           Power      Damage    Failure   Level
 Poisonous Vapours        Pois/Air       22%        N/A       9%          2
 Olgreb's Toxic Radiance  Pois           20%        N/A       22%         4
 Lesser Beckoning         Tloc           4%         N/A       24%         2
 Mephitic Cloud           Conj/Pois/Air  8%         N/A       26%         3
 Gell's Gravitas          Tloc           2%         N/A       43%         3
 Teleport Other           Tloc           2%         N/A       43%         3
 Anguish                  Hex/Necr       1%         N/A       83%         4
 Cause Fear               Hex            1%         N/A       83%         4
 Enfeeble                 Hex            1%         N/A       100%        7


Dungeon Overview and Level Annotations

Branches:
Dungeon (2/15)

Altars:

Annotations:
D:2 1 runed translucent door, Crazy Yiuf


Innate Abilities, Weirdness & Mutations

You cannot wear most types of armour.
You are amphibious.
You can wear up to eight rings at the same time.
Your skin changes colour to match your surroundings (Stealth+).
Your rubbery body absorbs attacks. (AC +1, EV +1)
((You are camouflaged when in or above water. (Stealth+)))
You have tentacles for arms and can constrict up to eight enemies at once.


Message History

The orc priest barely misses you.
The sting misses the orc priest.
The orc priest barely misses you.
The sting hits the orc priest but does no damage.
The orc priest looks as sick as possible!
The orc priest is severely wounded.
The orc priest hits you with a +0 hand axe.
The orc priest attacks as you move away!
The orc priest barely misses you.
You kill the orc priest!
Your Transmutations skill increases to level 2!
You have reached level 4!
Casting: Sting (safe; 4% risk of failure)
Confirm with . or Enter, or press ? or * to list all spells.
Aiming: Sting (safe; 4% risk of failure)
Press: ? - help, Shift-Dir - straight line, f - orc
Aim: an orc, wielding a +0 hand axe (74% to hit)
The sting misses the orc.
Casting: Sting (safe; 4% risk of failure)
Confirm with . or Enter, or press ? or * to list all spells.
Aiming: Sting (safe; 4% risk of failure)
Press: ? - help, Shift-Dir - straight line, f/p - orc
Aim: an orc, wielding a +0 hand axe (74% to hit)
The sting hits something.
You hear some strange, mumbled words.
Something tries to affect you, but you resist.
Casting: Sting (safe; 4% risk of failure)
Confirm with . or Enter, or press ? or * to list all spells.
You don't have enough magic to cast this spell.
You closely miss something. Your squeeze misses something. Something hits you.
You tentacle-slap something. Something hits you.
You miss something. Something hits you but does no damage.
You barely miss something. Your squeeze misses something.
An orc comes into view. It is wielding a +0 trident.
Something hits you.
* * * LOW HITPOINT WARNING * * *
You closely miss something. Something barely misses you.
You miss something. Something hits you.
* * * LOW HITPOINT WARNING * * *
You tentacle-slap something. Your squeeze misses something. Something hits you.
You die...

##### ######.#
....# #......#
....# #.######
....# #.#
....##### #.#
.)..#... #.#
....#.# #.#
##....## #.#
#......#### #@#
#...#.>...# #{#
#...#.#.#.# #o#
....+.#..># #o#
#...#####.###.##)#
##### #.#......#
#.#.#.......o.#
#.# #########.#
#.#


You could see 2 orcs.

Vanquished Creatures
  An orc priest (D:2)
  An adder (D:2)
  A dart slug (D:1)
  5 bats
  3 endoplasms
  3 giant cockroaches
  2 goblins (D:1)
  5 hobgoblins (D:1)
  4 kobolds
  3 quokkas
  7 ball pythons
  A frilled lizard (D:1)
  A spectral kobold (D:1)
37 creatures vanquished.

Notes
Turn   | Place    | Note
-------+----------+-------------------------------------------
     0 | D:1      | randomguy2701 the Octopode Venom Mage began the quest for
                  | the Orb.
     0 | D:1      | Reached XP level 1. HP: 11/11 MP: 3/3
   285 | D:1      | Reached skill level 4 in Poison Magic
   285 | D:1      | Reached XP level 2. HP: 17/17 MP: 1/5
   672 | D:1      | Found a faded altar of an unknown god.
   818 | D:1      | Reached XP level 3. HP: 18/21 MP: 0/6
  2056 | D:2      | Found a runed translucent door.
  2057 | D:2      | Noticed Crazy Yiuf
  2272 | D:2      | Reached XP level 4. HP: 17/27 MP: 1/8
  2281 | D:2      | HP: 1/27 [something (4)]
  2282 | D:2      | Slain by an orc wizard

Illustrated notes

Levels and vault maps discovered:
D:1:      ncdulo_lavacross, layout_loops_corners,
          dreamdust_ecumenical_altar_drowned_temple
D:2:      layout_basic, minmay_misc_feat_pillars, uniq_crazy_yiuf_cottage

Skill      XL: |  1  2  3 |
---------------+----------+-----
Poison Magic   | 4 |  4.6
Transmutations | 2 |  2.1
Dodging        | |  2.2
Stealth        | |  2.9
Unarmed Combat | |  0.1
Spellcasting   | |  2.7

Action                     |  1- 3 |  4- 6 || total
---------------------------+-------+-------++-------
  Melee: Unarmed           |    19 |     7 ||    26
         Tentacles         |     7 |       ||     7
         Constrict         |     5 |       ||     5
   Cast: Sting             |    69 |     2 ||    71
    Use: Potion            |     2 |       ||     2
 Armour: Skin              |     2 |     1 ||     3
  Dodge: Dodged            |    35 |     1 ||    36

Table legend: (Time is in decaauts)
 A = Elapsed time spent in this place.
 B = Non-inter-level travel time spent in this place.
 C = Inter-level travel time spent in this place.
 D = Time resting spent in this place.
 E = Time spent auto-exploring this place.
 F = Levels seen in this place.
 G = Mean time per level.
                   A        B        C        D        E       F      G
               +--------+--------+--------+--------+--------+-----+--------+
         Total |   2269 |   2259 |     10 |     23 |   1996 |   2 | 1134.5 |
       Dungeon |   2269 |   2259 |     10 |     23 |   1996 |   2 | 1134.5 |
               +--------+--------+--------+--------+--------+-----+--------+

Top non-repeatable levels by time:
     D:1: 1392 daAuts
     D:2: 876 daAuts
